 Dungeon Crawl Stone Soup version 0.24.0-13-gcf9b319 (webtiles) character file.

Game seed: 9870099828932005401, levelgen mode: deterministic

339 Bronimir the Conjurer (level 6, -6/38 HPs)
             Began as an Octopode Conjurer on Mar 30, 2020.
             Killed from afar by an orc wizard (12 damage)
             ... with a puff of flame
             ... on level 6 of the Dungeon.
             The game lasted 00:11:19 (4556 turns).

Bronimir the Conjurer (Octopode Conjurer)           Turns: 4556, Time: 00:11:20

Health: -6/38      AC:  1    Str:  7    XL:     6   Next: 55%
Magic:  10/10      EV: 14    Int: 19    God:
Gold:   130        SH:  0    Dex: 13    Spells: 1/11 levels left

rFire    . . .     SeeInvis .   a - +0 trident (distort)
rCold    + . .     Gourm    .   (no shield)
rNeg     . . .     Faith    .   (helmet restricted)
rPois    .         Spirit   .   (no amulet)
rElec    .         Reflect  .   c - ring of protection from magic
rCorr    .         Harm     .   n - ring of protection from cold
MR       +....                  (no ring)
Stlth    +++.......             (no ring)
HPRegen  0.12/turn              (no ring)
MPRegen  0.12/turn              (no ring)
                                (no ring)
                                (no ring)

@: flying, hasted, very quick
A: almost no armour, stealthy swim, amphibious, 8 rings, constrict 8, camouflage
1, gelatinous body 1
a: no special abilities


You were on level 6 of the Dungeon.
You were hungry.

You visited 1 branch of the dungeon, and saw 6 of its levels.
You also visited: Sewer.

You collected 130 gold pieces.

Inventory:

Hand Weapons
 a - a +0 trident of distortion (weapon)
 b - a +0 hunting sling
 t - a +0 spear
Missiles
 e - 53 arrows
 l - 3 poisoned darts
 o - 8 boomerangs (quivered)
 p - 143 stones
 q - 30 bolts
 s - 18 sling bullets
Jewellery
 c - a ring of protection from magic (left tentacle)
 n - a ring of protection from cold (right tentacle)
 B - an uncursed ring of wizardry {unknown}
Wands
 x - a wand of scattershot (5)
 z - a wand of iceblast (21)
Scrolls
 d - 2 scrolls of amnesia
 j - 4 scrolls of identify
 m - a scroll of fear
 v - 2 scrolls of remove curse
 A - a scroll of teleportation
Potions
 g - a potion of degeneration {unknown}
 h - a potion of flight
 i - a potion of magic
 k - 3 potions of lignification
 w - a potion of berserk rage {unknown}
 C - a potion of curing {unknown}
Comestibles
 y - 3 rations


   Skills:
 + Level 1.3 Fighting
 + Level 2.3 Polearms
 * Level 3.1 Dodging
 - Level 2.6 Stealth
 * Level 3.1 Spellcasting
 * Level 5.8 Conjurations


You had one spell level left.
You knew the following spells:

 Your Spells              Type           Power        Failure   Level  Hunger
a - Magic Dart            Conj           ####         1%          1    None
b - Searing Ray           Conj           ####..       1%          2    ##.....
c - Dazzling Spray        Conj/Hex       ##....       14%         3    ###....
d - Iskenderun's Mystic   Conj           ####....     14%         4    ####...

Your spell library contained the following spells:

 Spells                   Type           Power        Failure   Level  Hunger
 Force Lance              Conj/Tloc      ##......     41%         4    ####...
 Fulminant Prism          Conj/Hex       ##........   41%         4    ####...


Dungeon Overview and Level Annotations

Branches:
Dungeon (7/15)              Sewer (visited)
 Temple: D:4-7

Altars:
Kikubaaqudgha
Nemelex Xobeh
Qazlal
Ru
Trog
Uskayaw
Xom

Annotations:
D:6 3 runed translucent doors, Clownsaurus's ghost, novice KoHu; grumblor's ghost, novice SpVM


Innate Abilities, Weirdness & Mutations

You cannot wear most types of armour.
You are very stealthy in the water. (Stealth+)
You are amphibious.
You can wear up to eight rings at the same time.
You can use your tentacles to constrict eight enemies at once.
Your skin changes colour to match your surroundings (Stealth+).
Your rubbery body absorbs attacks. (AC +1, EV +1)


Message History

The orc warrior is severely wounded.
The orc wizard shouts!
The orc warrior misses you.
It was a potion of magic.
Magic courses through your body.
The orc wizard casts a spell.
The orc wizard seems to speed up.
The orc warrior barely misses you.
The orc wizard casts a spell.
The orc wizard flickers and vanishes!
It was a potion of flight.
You feel very buoyant.
You fly up into the air.
It was a potion of haste.
You feel yourself speed up.
The orc warrior hits you with a +0 war axe.
* * * LOW HITPOINT WARNING * * *
The orc wizard gestures wildly while chanting.
The orc wizard flickers and vanishes!
You hear some strange, mumbled words.
A puff of flame appears from out of thin air!
The puff of flame hits you!
You die...

## ##.+..... ##.
#..+..... #
##..###.)+.....
..##.)......#...W.
...........#....8
.....##...##P⌠P$#
.###.##.#########
#.###....###.#
#.......###.@#
#######.##{o##
#.##.## #..o{#
##..## #..# .....
#%####. ... ..


You could see an orc warrior and an orc wizard.

Vanquished Creatures
  A gnoll shaman (D:4)
  A hound (D:4)
  A worker ant (D:4)
  5 gnolls (D:4)
  7 adders
  4 river rats (D:3)
  5 worms
  4 dart slugs
  4 leopard geckos
  An orc (D:3)
  A giant cockroach (D:3)
  3 goblins
  4 hobgoblins
  2 jackals (D:2)
  8 kobolds
  4 ball pythons
  3 bats
  3 frilled lizards
  12 rats
73 creatures vanquished.

Vanquished Creatures (others)
  A scorpion (D:3)
  A worm (D:3)
  A giant cockroach (D:3)
3 creatures vanquished.

Grand Total: 76 creatures vanquished

Notes
Turn   | Place    | Note
-------+----------+-------------------------------------------
     0 | D:1      | Bronimir the Octopode Conjurer began the quest for the Orb.
     0 | D:1      | Reached XP level 1. HP: 11/11 MP: 3/3
   878 | D:1      | Found a sparkling altar of Nemelex Xobeh.
   880 | D:1      | Found a sacrificial altar of Ru.
   880 | D:1      | Found an ornate altar of the Wu Jian Council.
   882 | D:1      | Found a shimmering altar of Xom.
   882 | D:1      | Found an ancient bone altar of Kikubaaqudgha.
   882 | D:1      | Found a hide-covered altar of Uskayaw.
   921 | D:1      | Reached XP level 2. HP: 17/17 MP: 0/5
  1037 | D:1      | Learned a level 2 spell: Searing Ray
  1238 | D:2      | Reached XP level 3. HP: 21/21 MP: 2/6
  1259 | D:2      | Found a stormy altar of Qazlal.
  1984 | D:3      | Reached skill level 5 in Conjurations
  2083 | D:3      | Reached XP level 4. HP: 11/27 MP: 1/7
  2471 | D:3      | Found a glowing drain.
  2537 | Sewer    | Entered a sewer
  2609 | Sewer    | Noticed Purgy
  2630 | Sewer    | Reached XP level 5. HP: 27/31 MP: 3/8
  2639 | Sewer    | Learned a level 3 spell: Dazzling Spray
  3521 | D:3      | Reached skill level 1 in Polearms
  3614 | D:3      | Noticed a moth of wrath
  3617 | D:3      | Found a bloodstained altar of Trog.
  3635 | D:3      | Reached skill level 1 in Fighting
  4034 | D:4      | Reached XP level 6. HP: 38/38 MP: 10/10
  4398 | D:4      | You fall into a shaft and drop 3 floors!
  4417 | D:6      | Learned a level 4 spell: Iskenderun's Mystic Blast
  4417 | D:6      | Noticed an orc warrior
  4443 | D:6      | Found a runed translucent gate.
  4443 | D:6      | Found a runed translucent gate.
  4443 | D:6      | Found a runed translucent gate.
  4444 | D:6      | Noticed grumblor's ghost (novice SpVM)
  4444 | D:6      | Noticed Clownsaurus's ghost (novice KoHu)
  4556 | D:6      | Killed from afar by an orc wizard

Levels and vault maps discovered:
D:1:      dpeg_arrival_round_c, layout_basic, minmay_splitting_lines,
          doesnt_xom_only_xom
D:2:      layout_basic, lemuel_doored_altar
D:3:      layout_loops_ring, lightli_sewer_entry_pipes, tgw_trog
D:4:      layout_basic, first_ration
D:6:      layout_rooms, temple_statues, gammafunk_ghost_cemetery
D:7:      layout_basic, regret_index_temple_of_mockery,
          amethyst_overflow_temple_binary, grunt_livestock,
          cheibrodos_ashenzari_chains

Skill      XL: |  1  2  3  4  5  6 |
---------------+-------------------+-----
Conjurations   | 5 |  5.8
Polearms       | 1 2 |  2.3
Fighting       | 1 |  1.3
Dodging        | 3 |  3.1
Spellcasting   | 3 |  3.1
Stealth        | |  2.6

Action                   |  1- 3 |  4- 6 || total
-------------------------+-------+-------++-------
Melee: Unarmed           |     2 |       ||     2
       Constrict         |     3 |    24 ||    27
       Spear             |    10 |    21 ||    31
       Tentacles         |     1 |     8 ||     9
       Trident           |       |    78 ||    78
 Cast: Magic Dart        |    49 |    36 ||    85
       Searing Ray       |       |     8 ||     8
       Iskenderun's Myst |       |     1 ||     1
  Use: Scroll            |       |     9 ||     9
       Potion            |       |     3 ||     3
 Stab: Sleeping          |       |     8 ||     8
  Eat: Chunk             |     4 |     8 ||    12
Armor: Skin              |       |     7 ||     7
Dodge: Dodged            |    14 |    62 ||    76
